 Dungeon Crawl Stone Soup version 0.25.1-2-g60ff931df9 (webtiles) character file.

Game seed: 14646118011954719337

96 Delamore the Shield-Bearer (level 4, -3/29 HPs)
             Began as a Gargoyle Fighter on Oct 24, 2020.
             Slain by Grinder (5 damage)
             ... while paralysed by Grinder
             ... on level 3 of the Dungeon.
             The game lasted 00:01:28 (1543 turns).

Delamore the Shield-Bearer (Gargoyle Fighter)       Turns: 1543, Time: 00:01:28

Health: -3/29      AC: 10    Str: 20    XL:     4   Next: 67%
Magic:  4/4        EV:  2    Int:  9    God:
Gold:   172        SH:  0    Dex:  9    Spells: 3/3 levels left

rFire    . . .     SeeInvis .   a - +1 flail
rCold    . . .     Gourm    .   c - +0 kite shield
rNeg     + . .     Faith    .   b - +0 scale mail
rPois    ∞         Spirit   .   (no helmet)
rElec    +         Reflect  .   n - scarf {repulsion}
rCorr    .         Harm     .   (no gloves)
MR       .....     Rnd*Tele +   (no boots)
Stlth    ..........             (no amulet)
HPRegen  0.09/turn              k - ring of teleportation (curse)
MPRegen  0.09/turn              (no ring)

@: paralysed, repel missiles
A: negative energy resistance 1, electricity resistance, unbreathing,
petrification resistance, rot immunity, AC +3
a: no special abilities


You were on level 3 of the Dungeon.
You were not hungry.

You visited 1 branch of the dungeon, and saw 3 of its levels.

You collected 172 gold pieces.

Inventory:

Hand Weapons
 a - a +1 flail (weapon)
Armour
 b - a +0 scale mail (worn)
 c - a +0 kite shield (worn)
 n - a scarf of repulsion (worn)
 o - a +0 cloak
Jewellery
 k - a cursed ring of teleportation (left hand)
Scrolls
 e - a scroll of identify {unknown}
 j - a scroll of teleportation {unknown}
 m - a scroll of enchant weapon
 p - a scroll of blinking {unknown}
 s - a scroll of fear {unknown}
 u - a scroll of immolation {unknown}
Potions
 d - 2 potions of might
 g - a potion of curing {unknown}
 h - 2 potions of brilliance {unknown}
 i - a potion of magic {unknown}
 l - 3 potions of degeneration {unknown}
 q - a potion of heal wounds {unknown}
 r - a potion of lignification {unknown}
Comestibles
 f - 3 rations
 t - a chunk of flesh


   Skills:
 + Level 4.2 Fighting
 + Level 3.1 Maces & Flails
 - Level 3.2 Armour
 + Level 4.3 Shields


You had 3 spell levels left.
You didn't know any spells.
Your spell library was empty.

Dungeon Overview and Level Annotations

Branches:
Dungeon (3/15)

Altars:

Annotations:
D:3 Grinder


Innate Abilities, Weirdness & Mutations

You are resistant to torment.
Your stone body is resilient. (AC +3)
You are immune to poison.
You resist negative energy. (rN+)
You are resistant to electric shocks. (rElec)
You can survive without breathing.
You are immune to petrification.
You are immune to rotting.


Message History

You block Grinder's attack. The rat closely misses you.
The frilled lizard bites you but does no damage.
Grinder blinks!
The rat barely misses you.
Your shield prevents you from hitting the rat.
You block the frilled lizard's attack. Grinder gestures at you.
You suddenly lose the ability to move!
The rat bites you.
The frilled lizard bites you but does no damage.
The rat completely misses you.
The frilled lizard bites you but does no damage.
The rat bites you but does no damage.
The frilled lizard bites you but does no damage.
The rat bites you but does no damage. Grinder hits you.
You writhe in agony.
The frilled lizard bites you but does no damage.
The rat twitches its whiskers.
The rat bites you but does no damage. Grinder hits you!
* * * LOW HITPOINT WARNING * * *
The frilled lizard barely misses you. The rat bites you but does no damage.
Grinder hits you.
You die...

#.......
#.......
#=......
##.....##
#......>#######
#.............#
#....rl.......#
#...5@.......#
#....#.......#
#..##........#
#. #.>##.#####
.. #.##..# #.
#. #.## # .. #.
.# #. .^ ..


You could see Grinder, a frilled lizard and a rat.

Vanquished Creatures
  A crimson imp (D:2)
  2 adders (D:2)
  An ooze (D:1)
  3 leopard geckos
  3 giant cockroaches
  5 goblins
  5 hobgoblins
  A quokka (D:2)
  A ball python (D:2)
  6 bats
  2 frilled lizards
  3 kobolds (D:1)
  4 rats
37 creatures vanquished.

Notes
Turn   | Place    | Note
-------+----------+-------------------------------------------
     0 | D:1      | Delamore the Gargoyle Fighter began the quest for the Orb.
     0 | D:1      | Reached XP level 1. HP: 14/14 MP: 1/1
   311 | D:1      | Reached XP level 2. HP: 18/19 MP: 2/2
   725 | D:2      | Reached XP level 3. HP: 18/24 MP: 3/3
   755 | D:2      | Reached XP level 4. HP: 20/29 MP: 4/4
  1521 | D:3      | Noticed Grinder
  1538 | D:3      | Paralysed by Grinder for 7 turns
  1543 | D:3      | Slain by Grinder

Illustrated notes

Levels and vault maps discovered:
D:1:      psy_arrival_spokes, layout_basic
D:2:      layout_basic, first_ration
D:3:      layout_rooms, uniq_grinder, uniq_natasha

Skill      XL: |  1  2  3  4 |
---------------+-------------+-----
Fighting       | 4 |  4.2
Shields        | 4 |  4.3
Maces & Flails | 3 |  3.1
Armour         | |  3.2

Action                   |  1- 3 |  4- 6 || total
-------------------------+-------+-------++-------
Melee: Flail             |    73 |    82 ||   155
  Use: Scroll            |       |     1 ||     1
  Eat: Chunk             |       |     2 ||     2
Armor: Scale mail        |    49 |    59 ||   108
Dodge: Dodged            |    29 |    36 ||    65
       Repelled          |     1 |       ||     1
Block: Kite shield       |    49 |    52 ||   101
